PCL
FRESNO GRIZZLIES @ RENO ACES
05/03/2099
 
TOP OF THE 1ST
Fresno Grizzlies batting - Pitching for Reno Aces : RHP Sean Childress
Pitching: RHP Sean Childress
Batting: RHB Sterling Lentz 0-0: Foul Ball, location: 3SF
0-1: Ground out 4-3 (Groundball, 34D, EV 94.4 MPH)
Batting: RHB Travis Braga 0-0: SINGLE (Line Drive, 6D, EV 100.6 MPH)
Batting: LHB Steve Kuhlman 0-0: Ball
1-0: Ball
2-0: Ball
3-0: Base on Balls
Travis Braga to second
Batting: RHB Matt Carocci 0-0: Ball
1-0: Ball
2-0: SINGLE (Flyball, 89S, EV 92.5 MPH)
Travis Braga to third
Steve Kuhlman to second
Runner from 3rd tries for Home, SAFE, throw by CF to home
Batting: LHB Marc Helms 0-0: Grounds into double play, 3-6-3 (Groundball, 34, EV 79.4 MPH)
Top of the 1st over - 1 run, 2 hits, 0 errors, 1 left on base; Fresno 1 - Reno 0
BOTTOM OF THE 1ST
Reno Aces batting - Pitching for Fresno Grizzlies : LHP Rutger Michelle
Pitching: LHP Rutger Michelle
Batting: LHB Josh Jessey 0-0: Called Strike
0-1: Called Strike
0-2: Ball
1-2: Ball
2-2: Fly out, F7 (Flyball, 7LD, EV 90.6 MPH)
Batting: RHB Jeff Sanfillipo 0-0: Called Strike
0-1: Ball
1-1: Called Strike
1-2: Ball
2-2: Ball
3-2: Foul Ball, location: 2F
3-2: Base on Balls
Batting: RHB Thomas Montgomery 0-0: Foul Ball, location: 25F
0-1: Ball
1-1: Swinging Strike
1-2: Strikes out swinging
Batting: RHB Bobby Bye 0-0: Ball
1-0: Foul Ball, location: 2F
1-1: Called Strike
1-2: Strikes out swinging
Bottom of the 1st over - 0 runs, 0 hits, 0 errors, 1 left on base; Fresno 1 - Reno 0
TOP OF THE 2ND
Fresno Grizzlies batting - Pitching for Reno Aces : RHP Sean Childress
Batting: RHB Tony Tenesaca 0-0: Called Strike
0-1: Ball
1-1: Fly out, F9 (Flyball, 9LSF, EV 87.5 MPH)
Batting: RHB Evan Duncan 0-0: Ball
1-0: Ball
2-0: Swinging Strike
2-1: Foul Ball, location: 2F
2-2: Strikes out looking
Batting: RHB Agustin Vargas 0-0: Swinging Strike
0-1: Ball
1-1: Ball
2-1: Ground out 6-3 (Groundball, 4MS, EV 81.3 MPH)
Top of the 2nd over - 0 runs, 0 hits, 0 errors, 0 left on base; Fresno 1 - Reno 0
BOTTOM OF THE 2ND
Reno Aces batting - Pitching for Fresno Grizzlies : LHP Rutger Michelle
Batting: SHB Macario Castro 0-0: Ball
1-0: Fly out, F9 (Flyball, 9S, EV 89.4 MPH)
Batting: RHB Ron Ellis 0-0: Ball
1-0: Ball
2-0: Ground out 5-3 (Groundball, 5, EV 85.0 MPH)
Batting: LHB Jim Unknown 0-0: Ground out 4-3 (Groundball, 4, EV 103.8 MPH)
Bottom of the 2nd over - 0 runs, 0 hits, 0 errors, 0 left on base; Fresno 1 - Reno 0
TOP OF THE 3RD
Fresno Grizzlies batting - Pitching for Reno Aces : RHP Sean Childress
Batting: RHB Michael Harrison 0-0: Ball
1-0: Called Strike
1-1: Ball
2-1: Ground out 6-3 (Groundball, 6S, EV 80.6 MPH)
Batting: RHB Sterling Lentz 0-0: Foul Ball, location: 25F
0-1: Fly out, F8 (Flyball, 8RM, EV 83.8 MPH)
Batting: RHB Travis Braga 0-0: Fly out, F8 (Line Drive, 89M, EV 92.5 MPH)
Top of the 3rd over - 0 runs, 0 hits, 0 errors, 0 left on base; Fresno 1 - Reno 0
BOTTOM OF THE 3RD
Reno Aces batting - Pitching for Fresno Grizzlies : LHP Rutger Michelle
Batting: RHB Jim Unknown 0-0: Swinging Strike
0-1: Fly out, F9 (Flyball, 9D, EV 100.6 MPH)
Batting: LHB Jim Unknown 0-0: Ball
1-0: SINGLE (Groundball, 6M, EV 98.1 MPH)
Batting: LHB Josh Jessey 0-0: Ball
1-0: Called Strike
1-1: Foul Ball, location: 2F
1-2: Strikes out swinging
Batting: RHB Jeff Sanfillipo 0-0: Ball
1-0: Foul Ball, location: 25FF
1-1: Called Strike
1-2: Strikes out swinging
Bottom of the 3rd over - 0 runs, 1 hit, 0 errors, 1 left on base; Fresno 1 - Reno 0
TOP OF THE 4TH
Fresno Grizzlies batting - Pitching for Reno Aces : RHP Sean Childress
Batting: LHB Steve Kuhlman 0-0: DOUBLE (Line Drive, 9LS, EV 103.8 MPH)
Batting: RHB Matt Carocci 0-0: Called Strike
0-1: Ball
1-1: Fly out, F8 (Flyball, 89M, EV 97.5 MPH)
Runner from 2nd tags up, SAFE at 3rd with throw by CF
Batting: LHB Marc Helms 0-0: Fly out, F9 (Flyball, 89S, EV 92.5 MPH)
Batting: RHB Tony Tenesaca 0-0: Foul Ball, location: 9LMF
0-1: Ball
1-1: DOUBLE (Line Drive, 78D, EV 102.5 MPH)
Steve Kuhlman scores
Batting: RHB Evan Duncan 0-0: Foul Ball, location: 2F
0-1: Ball
1-1: Ground out 4-3 (Groundball, 4, EV 84.4 MPH)
Top of the 4th over - 1 run, 2 hits, 0 errors, 1 left on base; Fresno 2 - Reno 0
BOTTOM OF THE 4TH
Reno Aces batting - Pitching for Fresno Grizzlies : LHP Rutger Michelle
Batting: RHB Thomas Montgomery 0-0: Called Strike
0-1: Swinging Strike
0-2: Fly out, F7 (Flyball, 7D, EV 105.6 MPH)
Batting: RHB Bobby Bye 0-0: Ball
1-0: Called Strike
1-1: Ball
2-1: Foul Ball, location: 7LDF
2-2: Foul Ball, location: 9LSF
2-2: Strikes out swinging
Batting: SHB Macario Castro 0-0: Ball
1-0: Ball
2-0: Ball
3-0: Called Strike
3-1: SINGLE (Groundball, 56, EV 108.1 MPH) (infield hit)
Batting: RHB Ron Ellis 0-0: Ball
1-0: Fielders Choice at 2nd, 6-4 (Groundball, 6, EV 80.6 MPH)
Bottom of the 4th over - 0 runs, 1 hit, 0 errors, 1 left on base; Fresno 2 - Reno 0
TOP OF THE 5TH
Fresno Grizzlies batting - Pitching for Reno Aces : RHP Sean Childress
Batting: RHB Agustin Vargas 0-0: Ball
1-0: Ball
2-0: Ball
3-0: Called Strike
3-1: Foul Ball, location: 5DF
3-2: Ground out U3 (Groundball, 3D, EV 94.4 MPH)
Batting: RHB Michael Harrison 0-0: Called Strike
0-1: Foul Ball, location: 9LSFF
0-2: Fly out, F8 (Flyball, 8LM, EV 90.0 MPH)
Batting: RHB Sterling Lentz 0-0: Called Strike
0-1: Ball
1-1: DOUBLE (Groundball, 5L, EV 112.5 MPH)
Batting: RHB Travis Braga 0-0: Called Strike
0-1: Ball
1-1: Foul Ball, location: 9LDF
1-2: Ball
2-2: Ground out 5-3 (Groundball, 56, EV 86.9 MPH)
Top of the 5th over - 0 runs, 1 hit, 0 errors, 1 left on base; Fresno 2 - Reno 0
BOTTOM OF THE 5TH
Reno Aces batting - Pitching for Fresno Grizzlies : LHP Rutger Michelle
Batting: LHB Jim Unknown 0-0: Ground out U3 (Groundball, 34, EV 84.4 MPH)
Batting: RHB Jim Unknown 0-0: Ball
1-0: Called Strike
1-1: Ball
2-1: Called Strike
2-2: Foul Ball, location: 25F
2-2: Foul Ball, location: 5F
2-2: Ground out 6-3 (Groundball, 6, EV 103.1 MPH)
Batting: LHB Jim Unknown 0-0: Called Strike
0-1: Swinging Strike
0-2: Strikes out looking
Bottom of the 5th over - 0 runs, 0 hits, 0 errors, 0 left on base; Fresno 2 - Reno 0
TOP OF THE 6TH
Fresno Grizzlies batting - Pitching for Reno Aces : RHP Sean Childress
Batting: LHB Steve Kuhlman 0-0: Called Strike
0-1: Ball
1-1: Foul Ball, location: 23FF
1-2: Ball
2-2: DOUBLE (Line Drive, 9LM, EV 93.1 MPH)
Batting: RHB Matt Carocci 0-0: Ball
1-0: Ball
2-0: Called Strike
2-1: Swinging Strike
2-2: Foul Ball, location: 9LSF
2-2: SINGLE (Line Drive, 4D, EV 108.8 MPH)
Steve Kuhlman to third
Batting: LHB Marc Helms 0-0: Ball
1-0: Ball
2-0: Swinging Strike
2-1: Ball
3-1: Called Strike
3-2: Fly out, F4 (Popup, 4M, EV 53.1 MPH)
Batting: RHB Tony Tenesaca 0-0: SINGLE (Groundball, 34D, EV 101.3 MPH)
Steve Kuhlman scores
Matt Carocci to second
Runner from 2nd tries for 3rd, SAFE, no throw by RF
Batting: RHB Evan Duncan 0-0: Ball
1-0: Ball
2-0: DOUBLE (Flyball, 78XD, EV 96.9 MPH)
Matt Carocci scores
Tony Tenesaca to third
Batting: RHB Agustin Vargas 0-0: Called Strike
0-1: Called Strike
0-2: Strikes out looking
Batting: RHB Michael Harrison 0-0: Fly out, F3 (Popup, 34, EV 75.6 MPH)
Top of the 6th over - 2 runs, 4 hits, 0 errors, 2 left on base; Fresno 4 - Reno 0
BOTTOM OF THE 6TH
Reno Aces batting - Pitching for Fresno Grizzlies : LHP Rutger Michelle
Batting: LHB Josh Jessey 0-0: Called Strike
0-1: Ball
1-1: Called Strike
1-2: Strikes out looking
Batting: RHB Jeff Sanfillipo 0-0: Fly out, F7 (Flyball, 78M, EV 80.6 MPH)
Batting: RHB Thomas Montgomery 0-0: Foul Ball, location: 5F
0-1: Ball
1-1: Foul Ball, location: 23FF
1-2: Ball
2-2: Ball
3-2: SINGLE (Line Drive, 6MD, EV 101.9 MPH)
Batting: RHB Bobby Bye 0-0: Called Strike
0-1: Swinging Strike
0-2: Strikes out looking
Bottom of the 6th over - 0 runs, 1 hit, 0 errors, 1 left on base; Fresno 4 - Reno 0
TOP OF THE 7TH
Fresno Grizzlies batting - Pitching for Reno Aces : RHP Sean Childress
Batting: RHB Sterling Lentz 0-0: Ball
1-0: Foul Ball, location: 3DF
1-1: Ground out 2-3 (Groundball, 2L, EV 71.3 MPH)
Batting: RHB Travis Braga 0-0: Ball
1-0: Foul Ball, location: 7LSF
1-1: Swinging Strike
1-2: Strikes out looking
Batting: LHB Steve Kuhlman 0-0: SOLO HOME RUN (Flyball, 8RXD, EV 108.8 MPH), Distance : 421 ft
Pitching: RHP Jim Unknown
Batting: RHB Matt Carocci 0-0: Ball
1-0: Foul Ball, location: 2F
1-1: SINGLE (Groundball, 6D, EV 95.6 MPH)
Batting: LHB Marc Helms 0-0: Called Strike
0-1: Ball
1-1: Ball
2-1: DOUBLE (Line Drive, 7LS, EV 111.3 MPH)
Matt Carocci to third
Runner from 3rd tries for Home, SAFE, throw by LF to home
Batting: RHB Tony Tenesaca 0-0: Called Strike
0-1: SINGLE (Groundball, 34D, EV 93.8 MPH)
Marc Helms to third
Runner from 3rd tries for Home, SAFE, throw by RF to home
Tony Tenesaca to second
Batting: RHB Evan Duncan 0-0: Called Strike
0-1: Swinging Strike
0-2: Foul Ball, location: 23FF
0-2: Ground out 6-3 (Groundball, 6MD, EV 88.1 MPH)
Top of the 7th over - 3 runs, 4 hits, 0 errors, 1 left on base; Fresno 7 - Reno 0
BOTTOM OF THE 7TH
Reno Aces batting - Pitching for Fresno Grizzlies : LHP Rutger Michelle
Pinch Hitting: RHB Jim Unknown 0-0: Ball
1-0: DOUBLE (Line Drive, 78XD, EV 99.4 MPH)
Batting: RHB Ron Ellis 0-0: Ball
1-0: Ball
2-0: Called Strike
2-1: Ball
3-1: Base on Balls
Batting: LHB Jim Unknown 0-0: Grounds into double play, 6-4-3 (Groundball, 6, EV 101.3 MPH)
Jim Unknown to third
Batting: RHB Jim Unknown 0-0: Ball
1-0: Foul Ball, location: 5DF
1-1: Foul Ball, location: 2F
1-2: Ball
2-2: Foul Ball, location: 9LSF
2-2: Ball
3-2: Foul Ball, location: 9LDF
3-2: Foul Ball, location: 5FF
3-2: Strikes out swinging
Bottom of the 7th over - 0 runs, 1 hit, 0 errors, 1 left on base; Fresno 7 - Reno 0
TOP OF THE 8TH
Fresno Grizzlies batting - Pitching for Reno Aces : RHP Jim Unknown
Now at 2B: Jim Unknown
Now at 3B: Jeff Sanfillipo
Batting: RHB Agustin Vargas 0-0: Ball
1-0: SINGLE (Groundball, 6MD, EV 96.3 MPH)
Batting: RHB Michael Harrison 0-0: Swinging Strike
0-1: Fly out, F9 (Flyball, 9LS, EV 85.6 MPH)
Batting: RHB Sterling Lentz 0-0: Swinging Strike
0-1: Foul Ball, location: 9LDF
0-2: Foul Ball, location: 23F
0-2: Ball
1-2: Foul Ball, location: 5F
1-2: Strikes out swinging
Batting: RHB Travis Braga 0-0: Called Strike
0-1: Swinging Strike
0-2: Ball
1-2: Strikes out swinging
Top of the 8th over - 0 runs, 1 hit, 0 errors, 1 left on base; Fresno 7 - Reno 0
BOTTOM OF THE 8TH
Reno Aces batting - Pitching for Fresno Grizzlies : LHP Rutger Michelle
Pinch Hitting: LHB Chris Blackford 0-0: Ball
1-0: Fly out, F7 (Flyball, 78S, EV 95.6 MPH)
Batting: LHB Josh Jessey 0-0: Ball
1-0: Ball
2-0: Called Strike
2-1: Foul Ball, location: 2F
2-2: Ball
3-2: DOUBLE (Line Drive, 3D, EV 102.5 MPH) - OUT at third base trying to stretch hit.
Batting: RHB Jeff Sanfillipo 0-0: Called Strike
0-1: Fly out, F9 (Flyball, 9, EV 85.6 MPH)
Bottom of the 8th over - 0 runs, 1 hit, 0 errors, 0 left on base; Fresno 7 - Reno 0
TOP OF THE 9TH
Fresno Grizzlies batting - Pitching for Reno Aces : RHP Jim Unknown
Now in LF: Jim Unknown
Pinch Hitting: LHB Tim Kramer 0-0: Ball
1-0: Called Strike
1-1: Fly out, F9 (Flyball, 9LD, EV 96.9 MPH)
Batting: RHB Matt Carocci 0-0: Ball
1-0: Swinging Strike
1-1: Called Strike
1-2: Foul Ball, location: 2F
1-2: Fly out, F9 (Flyball, 9D, EV 110.6 MPH)
Batting: LHB Marc Helms 0-0: Foul Ball, location: 3FF
0-1: Ball
1-1: Foul Ball, location: 7LSF
1-2: Foul Ball, location: 5DF
1-2: Ball
2-2: Ball
3-2: Ground out 4-3 (Groundball, 4, EV 88.8 MPH)
Top of the 9th over - 0 runs, 0 hits, 0 errors, 0 left on base; Fresno 7 - Reno 0
BOTTOM OF THE 9TH
Reno Aces batting - Pitching for Fresno Grizzlies : LHP Rutger Michelle
Now at 1B: Tim Kramer
Batting: LHB Jim Unknown 0-0: Ball
1-0: Foul Ball, location: 7LSF
1-1: Foul Ball, location: 7LDF
1-2: Ball
2-2: Strikes out swinging
Batting: RHB Bobby Bye 0-0: Called Strike
0-1: SOLO HOME RUN (Flyball, 9LD, EV 96.3 MPH), Distance : 347 ft
Batting: RHB Jim Unknown 0-0: Ball
1-0: Ball
2-0: Ball
3-0: Base on Balls
Batting: RHB Ron Ellis 0-0: Called Strike
0-1: Called Strike
0-2: Ground out 5-3 (Groundball, 56, EV 101.3 MPH)
Jim Unknown to second
Batting: LHB Jim Unknown 0-0: Called Strike
0-1: Ball
1-1: Called Strike
1-2: Strikes out swinging
Bottom of the 9th over - 1 run, 1 hit, 0 errors, 1 left on base; Fresno 7 - Reno 1
Sunday, May 5th , 2024 - OOTP Baseball 24.11 Build 85